 Dungeon Crawl Stone Soup version 0.25.0-9-g26727b657a (webtiles) character file.

Game seed: 11888216575208774028

620 vurker the Chiller (level 7, 0/46 HPs)
             Began as an Octopode Ice Elementalist on June 16, 2020.
             Splashed by a jelly's acid (7 damage)
             ... on level 5 of the Dungeon.
             The game lasted 00:07:43 (5943 turns).

vurker the Chiller (Octopode Ice Elementalist)      Turns: 5943, Time: 00:07:44

Health: 0/46       AC: -2    Str:  8    XL:     7   Next: 46%
Magic:  0/13       EV: 13    Int: 19    God:
Gold:   279        SH:  0    Dex: 12    Spells: 3/15 levels left

rFire    . . .     SeeInvis .   s - staff of wizardry
rCold    . . .     Gourm    .   (no shield)
rNeg     . . .     Faith    .   m - +1 hat
rPois    .         Spirit   .   k - amulet of the acrobat
rElec    .         Reflect  .   (no ring)
rCorr    .         Harm     .   (no ring)
MR       .....                  (no ring)
Stlth    +++.......             (no ring)
HPRegen  0.15/turn              (no ring)
MPRegen  0.13/turn              (no ring)
                                (no ring)
                                (no ring)

@: corroded
A: almost no armour, stealthy swim, amphibious, 8 rings, constrict 8, camouflage
1, gelatinous body 1
a: no special abilities


You were on level 5 of the Dungeon.
You were near starving.

You visited 2 branches of the dungeon, and saw 8 of its levels.
You also visited: Sewer.

You collected 279 gold pieces.

Inventory:

Hand Weapons
 j - a +1 short sword of holy wrath
   (You took it off a kobold on level 2 of the Dungeon)
Armour
 m - a +1 hat (worn)
   (You found it on level 3 of the Dungeon)
Magical Staves
 s - an uncursed staff of wizardry (weapon)
   (You found it on level 5 of the Dungeon)
Jewellery
 k - an amulet of the acrobat (around mantle)
   (You found it on level 2 of the Dungeon)
Wands
 d - a wand of iceblast (10)
   (You found it on level 5 of the Dungeon)
 u - a wand of paralysis (9)
   (You found it on level 3 of the Dungeon)
Scrolls
 g - 2 scrolls of identify
 i - 5 scrolls of remove curse
 l - 2 scrolls of enchant weapon {unknown}
 r - 3 scrolls of teleportation
 t - 3 scrolls of amnesia
Potions
 a - 3 potions of curing
 b - a potion of haste {unknown}
 c - 2 potions of flight
 f - a potion of ambrosia {unknown}
 h - a potion of mutation {unknown}
 n - a potion of heal wounds {unknown}
 o - 2 potions of brilliance {unknown}
 p - 2 potions of stabbing {unknown}
 q - 2 potions of might {unknown}
 v - a potion of degeneration {unknown}
Comestibles
 e - 13 rations


   Skills:
 + Level 3.0 Fighting
 - Level 2.0 Dodging
 - Level 2.6 Stealth
 * Level 4.5 Spellcasting
 + Level 1.6 Conjurations
 + Level 1.4 Summonings
 * Level 6.1 Ice Magic


You had 3 spell levels left.
You knew the following spells:

 Your Spells              Type           Power        Failure   Level  Hunger
a - Freeze                Ice            ####         1%          1    None
b - Frozen Ramparts       Ice            ####..       1%          3    ###....
c - Hailstorm             Conj/Ice       ###.....     11%         4    ####...
d - Summon Ice Beast      Ice/Summ       ###.....     11%         4    ####...

Your spell library contained the following spells:

 Spells                   Type           Power        Failure   Level  Hunger
 Shock                    Conj/Air       #...         4%          1    None
 Ozocubu's Armour         Chrm/Ice       ###.....     4%          3    ###....
 Blink                    Tloc           N/A          9%          2    #......
 Lesser Beckoning         Tloc           #.........   16%         3    ###....
 Airstrike                Air            #.........   45%         4    ####...
 Tornado                  Air            #.........   100%        9    #######


Dungeon Overview and Level Annotations

Branches:
Dungeon (7/15)             Temple (1/1) D:5           Sewer (visited)

Altars:
Ashenzari
Cheibriados
Dithmenos
Elyvilon
Fedhas
Kikubaaqudgha
Makhleb
Ru
Sif Muna
Uskayaw
Wu Jian
Xom
Zin
The Shining One


Innate Abilities, Weirdness & Mutations

You cannot wear most types of armour.
You are very stealthy in the water. (Stealth+)
You are amphibious.
You can wear up to eight rings at the same time.
You can use your tentacles to constrict eight enemies at once.
Your skin changes colour to match your surroundings (Stealth+).
Your rubbery body absorbs attacks. (AC +1, EV +1)


Message History

What are your orders? t - Shout!
Orders for allies: a - Attack new target. r - Retreat! s - Stop attacking. g - Guard the area. f - Follow me.
Anything else - Cancel.
Gang up on whom?
Aim: an ice beast (water, heavily wounded) Attack!
The ice beast hits your ice beast. The ice beast freezes your ice beast.
Your ice beast completely resists.
Your ice beast hits the ice beast but does no damage.
The ice beast barely misses your ice beast.
Your ice beast hits the ice beast.
Your ice beast freezes the ice beast.
The ice beast completely resists.
The ice beast hits your ice beast but does no damage.
Your ice beast completely misses the ice beast.
The ice beast barely misses your ice beast.
Your ice beast hits the ice beast but does no damage.
Your ice beast barely misses the ice beast.
The ice beast barely misses your ice beast.
Your ice beast hits the ice beast but does no damage. x2
The ice beast barely misses your ice beast.
Your ice beast barely misses the ice beast.
Your ice beast hits the ice beast but does no damage.
The ice beast closely misses your ice beast.
Your ice beast closely misses the ice beast.
Your ice beast hits the ice beast.
Your ice beast freezes the ice beast.
The ice beast completely resists.
The ice beast hits your ice beast. The ice beast freezes your ice beast.
Your ice beast completely resists.
Your ice beast closely misses the ice beast.
Your ice beast hits the ice beast.
The ice beast dies!
Your Fighting skill increases to level 3!
Found a stone staircase leading up.
A worm comes into view.
Aim: a jelly (asleep)
You freeze the jelly!
The jelly quivers.
The jelly hits you.
* * * LOW HITPOINT WARNING * * *
The acid corrodes you!
You are splashed with acid!
* * * LOW HITPOINT WARNING * * *
The worm bites your ice beast!
Aim: a jelly (severely wounded)
You freeze the jelly. The jelly hits you.
* * * LOW HITPOINT WARNING * * *
You are splashed with acid!
You die...

#.≈≈≈≈≈≈.>.≈≈≈≈≈≈..#
#.≈≈≈≈≈≈...≈≈≈≈≈≈.##
#.≈≈≈≈≈≈≈≈≈≈≈≈≈≈≈.##
##..≈≈≈≈≈≈≈≈≈≈≈≈≈....
#.....≈≈≈≈≈≈≈≈≈......
##......≈≈≈≈≈......##
#.................#
###..###.###..###.####
#...J@Y.......# #.....
#....Y................
#....w........####<...
#...<......#### .###
#..........# #.
########...# .. #.#.#
# ....#


You could see a worm, a jelly and 2 friendly ice beasts.

Vanquished Creatures
  3 big kobolds (Sewer)
  A crimson imp (D:5)
  2 orc priests (D:3)
  A jelly (D:5)
  4 orc wizards
  3 adders
  5 oozes
  2 worms
  3 leopard geckos
  5 orcs
  3 ball pythons
  6 bats
  4 giant cockroaches
  4 goblins
  5 hobgoblins
  4 jackals (D:4)
  A quokka (D:5)
  6 frilled lizards
  16 kobolds
  A quokka skeleton (D:4)
  9 rats
88 creatures vanquished.

Vanquished Creatures (collateral kills)
  An ice beast (D:5)
1 creature vanquished.

Grand Total: 89 creatures vanquished

Notes
Turn   | Place    | Note
-------+----------+-------------------------------------------
     0 | D:1      | vurker the Octopode Ice Elementalist began the quest for
                  | the Orb.
     0 | D:1      | Reached XP level 1. HP: 11/11 MP: 3/3
   658 | D:1      | Reached XP level 2. HP: 18/18 MP: 5/5
  1450 | D:2      | Reached XP level 3. HP: 20/22 MP: 4/6
  1499 | D:2      | Learned a level 3 spell: Frozen Ramparts
  1508 | D:2      | Reached skill level 1 in Fighting
  2695 | D:3      | Reached XP level 4. HP: 15/28 MP: 8/8
  3047 | D:3      | Found a glowing drain.
  3066 | Sewer    | Entered a sewer
  3131 | Sewer    | Noticed a big kobold
  3137 | Sewer    | Killed a big kobold
  3137 | Sewer    | Reached skill level 5 in Ice Magic
  3137 | Sewer    | Reached XP level 5. HP: 30/34 MP: 5/10
  3410 | Sewer    | Noticed a big kobold
  3419 | Sewer    | Killed a big kobold
  3419 | Sewer    | Reached XP level 6. HP: 17/39 MP: 5/11
  3632 | Sewer    | Learned a level 4 spell: Hailstorm
  3637 | Sewer    | Learned a level 4 spell: Summon Ice Beast
  4095 | D:4      | Reached skill level 1 in Conjurations
  4096 | D:4      | Reached skill level 1 in Summonings
  4098 | D:4      | Reached XP level 7. HP: 42/45 MP: 5/13
  4161 | D:4      | Identified the Catalogue of Aerial Translocation
  4623 | D:4      | Found an ancient bone altar of Kikubaaqudgha.
  4767 | D:4      | Found a glowing golden altar of the Shining One.
  5175 | D:5      | Entered Level 5 of the Dungeon
  5278 | D:5      | Reached skill level 6 in Ice Magic
  5343 | D:5      | You fall into a shaft and drop 2 floors!
  5691 | D:6      | Found an ornate altar of the Wu Jian Council.
  5782 | D:5      | Found a staircase to the Ecumenical Temple.
  5794 | Temple   | Entered the Ecumenical Temple
  5943 | D:5      | Splashed by a jelly's acid

Illustrated notes

Levels and vault maps discovered:
D:1:      mrwooster_arrival_statue, layout_basic
D:2:      layout_loops_ring, minmay_misc_feat_diagonals
D:3:      layout_rooms, first_ration, cheibrodos_sewer_entry_sluice,
          chequers_serial_rivers_micro_c
D:4:      layout_layer_cave, tso_oasis_becter, kennysheep_mini,
          minmay_a_box_with_orc_wizards_in_it
D:5:      layout_rooms, temple_pool_b
D:6:      layout_basic, marbit_many_paths, lemuel_crystal_altar,
          nicolae_gozag_cash_rules_everything_around_me, uniq_blork_the_orc,
          uniq_maggie
D:7:      layout_basic, basic_altar
Temple:   jpeg_temple_clearing

Skill      XL: |  1  2  3  4  5  6  7 |
---------------+----------------------+-----
Fighting       | 1 2 3 |  3.0
Spellcasting   | 3 4 |  4.5
Ice Magic      | 5 6 |  6.1
Conjurations   | 1 |  1.6
Summonings     | 1 |  1.4
Dodging        | |  2.0
Stealth        | |  2.6

Action                   |  1- 3 |  4- 6 |  7- 9 || total
-------------------------+-------+-------+-------++-------
Melee: Unarmed           |    31 |       |       ||    31
       Constrict         |    17 |     9 |     5 ||    31
       Tentacles         |    10 |    10 |     1 ||    21
       Dagger            |    11 |       |       ||    11
       Short sword       |    18 |    52 |    10 ||    80
       Staff             |       |       |     7 ||     7
 Cast: Freeze            |    23 |    22 |    13 ||    58
       Frozen Ramparts   |       |     7 |     4 ||    11
       Summon Ice Beast  |       |       |     3 ||     3
  Use: Scroll            |     5 |     3 |       ||     8
 Stab: Sleeping          |    12 |     1 |     1 ||    14
       Distracted        |       |     1 |       ||     1
  Eat: Chunk             |     5 |     5 |     5 ||    15
Armor: Skin              |    11 |    11 |     5 ||    27
Dodge: Dodged            |    36 |    50 |    20 ||   106
